 Dungeon Crawl Stone Soup version 0.30-a0-605-gb2882149bf (webtiles) character file.

Game seed: 12738994847617495491

265 pokeman the Magician (level 5, 0/29 HPs)
             Began as a Deep Elf Hedge Wizard on Jan 7, 2023.
             Slain by an orc wizard
             ... wielding a +0 dagger
              (1 damage)
             ... on level 4 of the Dungeon.
             The game lasted 00:04:03 (3649 turns).

pokeman the Magician (Deep Elf Hedge Wizard)        Turns: 3649, Time: 00:04:03

Health: 0/29       AC:  3    Str:  7    XL:     5   Next: 99%
Magic:  7/16       EV: 13    Int: 21    God:
Gold:   96         SH:  0    Dex: 14    Spells: 9/17 levels left

rFire   . . .      SeeInvis .    a - +0 dagger
rCold   + . .      Faith    .    (no shield)
rNeg    . . .      Spirit   .    b - +0 robe
rPois   .          Reflect  .    c - +0 hat
rElec   .          Harm     .    (no cloak)
rCorr   .          Rampage  .    l - +0 pair of gloves
Will    .....                    (no boots)
Stlth   ++                       (no amulet)
HPRegen 0.24/turn                y - ring of protection from cold
MPRegen 0.15/turn                (no ring)

@: no status effects
A: no striking features
a: no special abilities


You were on level 4 of the Dungeon.
You visited 1 branch of the dungeon, and saw 4 of its levels.

You collected 96 gold pieces.

Inventory:

Hand Weapons
 a - a +0 dagger (weapon)
Armour
 b - a +0 robe (worn)
 c - a +0 hat (worn)
 l - a +0 pair of gloves (worn)
Jewellery
 x - a ring of fire
 y - a ring of protection from cold (left hand)
Scrolls
 g - 2 scrolls of teleportation {unknown}
 h - a scroll of brand weapon {unknown}
 j - 2 scrolls of blinking {unknown}
 k - a scroll of magic mapping {unknown}
 o - a scroll of poison {unknown}
 p - a scroll of summoning {unknown}
 q - 6 scrolls of identify {unknown}
 r - a scroll of enchant weapon {unknown}
 s - 2 scrolls of amnesia {unknown}
 t - a scroll of fear {unknown}
 u - a scroll of enchant armour {unknown}
 v - a scroll of immolation {unknown}
 w - a scroll of vulnerability {unknown}
Potions
 d - a potion of magic
 e - 2 potions of lignification {unknown}
 f - a potion of heal wounds {unknown}
 i - a potion of flight {unknown}
 m - a potion of mutation {unknown}
 n - a potion of curing {unknown}


   Skills:
 + Level 1.2 Fighting
 - Level 1.0 Armour
 - Level 3.2 Dodging
 - Level 3.0 Stealth
 * Level 6.6 Spellcasting
 + Level 3.0 Conjurations
 - Level 1.1 Summonings
 - Level 1.1 Translocations
 + Level 0.6 Air Magic
 - Level 1.1 Poison Magic


You had 9 spell levels left.
You knew the following spells:

 Your Spells              Type           Power      Damage    Failure   Level
a - Magic Dart            Conj           76%        1d6       2%          1
b - Mephitic Cloud        Conj/Pois/Air  13%        N/A       14%         3
c - Call Imp              Summ           11%        N/A       9%          2
d - Blink                 Tloc           22%        N/A       9%          2

Your spell library contained the following spells:

 Spells                   Type           Power      Damage    Failure   Level
 Apportation              Tloc           22%        N/A       6%          1
 Summon Small Mammal      Summ           44%        N/A       6%          1
 Necrotise                Necr           28%        1d5       9%          1
 Slow                     Hex            28%        N/A       9%          1
 Cigotuvi's Dreadful Rot  Necr/Pois/Air  18%        N/A       11%         2
 Irradiate                Conj/Tmut      6%         3d13      80%         5
 Blade Hands              Tmut           3%         N/A       94%         5
 Dragon Form              Tmut           3%         N/A       100%        7
 Malign Gateway           Summ/Tloc      5%         N/A       100%        7
 Summon Horrible Things   Summ           5%         N/A       100%        8


Dungeon Overview and Level Annotations

Branches:
Dungeon (4/15)
 Temple: D:4-7

Altars:


Message History

Casting: Call Imp (safe; 9% risk of failure)
Confirm with . or Enter, or press ? or * to list all spells.
A beastly little devil appears in a puff of flame.
You hear some strange, mumbled words.
You are confused.
The orc hits you with a +0 short sword. Something hits you.
The orc priest looks satisfied for a moment.
Your crimson imp hits the orc but does no damage.
You're too confused to cast spells.
You hit the orc.
The orc is heavily wounded.
Something hits you but does no damage. The orc hits you with a +0 whip.
The orc hits your crimson imp with a +0 short sword.
Something barely misses you.
Your crimson imp hits the orc but does no damage.
There are monsters nearby!
You're too confused to move!
The orc barely misses your crimson imp. Something hits you but does no damage.
Your crimson imp barely misses the orc.
You're too confused to move!
Something hits you. The orc closely misses you.
The orc misses your crimson imp. The hobgoblin hits you.
You hear some strange, mumbled words.
A magic dart appears from out of thin air!
The magic dart hits you.
* * * LOW HITPOINT WARNING * * *
Your crimson imp hits the orc but does no damage.
The orc barely misses your crimson imp.
The orc priest miscasts a cantrip.
The hobgoblin misses you.
Your crimson imp completely misses the orc.
Your magical contamination has completely faded away.
You miss the orc wizard.
You feel less confused. Something hits you.
* * * LOW HITPOINT WARNING * * *
The orc hits you with a +0 whip.
* * * LOW HITPOINT WARNING * * *
The orc hits your crimson imp with a +0 short sword.
The hobgoblin misses you.
The orc wizard hits you with a +0 dagger.
You die...

.........รท######....#
..........# #.....#
..........# #.....#
######....# #.....#
#....# #.....# #.)..#
#.....# #######....#
#.....# #..........#
#...[.# #.[.....o@.#
#.....# #......ogo.#
#.....# #.....5..o.#
#.....# #.......)..#
#.....# #..........#
#.....# #..........#
#.....# #..........#
##....# #..........#
##....# #..........#
#.....#


You could see an orc priest, an orc wizard, 2 orcs, a hobgoblin and a friendly
crimson imp (summoned).

Vanquished Creatures
  A black bear (D:4)
  Jessica (D:2)
  2 iguanas (D:4)
  3 adders
  A dart slug (D:1)
  4 orcs
  5 ball pythons
  5 bats
  7 endoplasms
  A giant cockroach (D:2)
  6 goblins
  10 hobgoblins
  2 jackals (D:4)
  3 frilled lizards
  5 kobolds
  5 rats
61 creatures vanquished.

Vanquished Creatures (collateral kills)
  2 orcs (D:3)
  A giant cockroach (D:3)
3 creatures vanquished.

Grand Total: 64 creatures vanquished

Notes
Turn   | Place    | Note
-------+----------+-------------------------------------------
     0 | D:1      | pokeman the Deep Elf Hedge Wizard began the quest for the
                  | Orb.
     0 | D:1      | Reached XP level 1. HP: 10/10 MP: 7/7
   342 | D:1      | Reached XP level 2. HP: 16/16 MP: 4/9
   963 | D:1      | Reached skill level 5 in Spellcasting
  1422 | D:2      | Noticed Jessica
  1429 | D:2      | Killed Jessica
  1430 | D:2      | Reached skill level 1 in Fighting
  1430 | D:2      | Reached skill level 1 in Armour
  1430 | D:2      | Reached XP level 3. HP: 9/20 MP: 3/11
  1434 | D:2      | Learned a level 3 spell: Mephitic Cloud
  1437 | D:2      | Learned a level 2 spell: Call Imp
  1440 | D:2      | Learned a level 2 spell: Blink
  1871 | D:2      | Reached XP level 4. HP: 25/25 MP: 11/13
  3256 | D:4      | Noticed a black bear
  3282 | D:4      | Killed a black bear
  3283 | D:4      | Reached skill level 6 in Spellcasting
  3283 | D:4      | Reached skill level 1 in Poison Magic
  3283 | D:4      | Reached XP level 5. HP: 19/29 MP: 2/15
  3649 | D:4      | HP: 1/29 [orc/+0 whip (1)]
  3649 | D:4      | Slain by an orc wizard

Illustrated notes

Levels and vault maps discovered:
D:1:      shiori_shiawase, layout_basic, minmay_misc_feat_diagonals
D:2:      layout_basic, uniq_jessica
D:3:      layout_basic
D:4:      layout_gridville

Skill      XL: |  1  2  3  4  5 |
---------------+----------------+-----
Spellcasting   | 5 6 |  6.6
Fighting       | 1 |  1.2
Armour         | 1 |  1.0
Conjurations   | 2 3 |  3.0
Stealth        | 3 |  3.0
Dodging        | 3 |  3.2
Poison Magic   | 1 |  1.1
Summonings     | |  1.1
Translocations | |  1.1
Air Magic      | |  0.6

Action                   |  1- 3 |  4- 6 || total
-------------------------+-------+-------++-------
Melee: Dagger            |     9 |     8 ||    17
 Cast: Magic Dart        |    85 |   114 ||   199
       Call Imp          |       |     3 ||     3
       Mephitic Cloud    |       |     1 ||     1
Armor: Robe              |     5 |     4 ||     9
Dodge: Dodged            |    24 |    25 ||    49

Table legend: (Time is in decaauts)
 A = Elapsed time spent in this place.
 B = Non-inter-level travel time spent in this place.
 C = Inter-level travel time spent in this place.
 D = Time resting spent in this place.
 E = Time spent auto-exploring this place.
 F = Levels seen in this place.
 G = Mean time per level.
                   A        B        C        D        E       F      G
               +--------+--------+--------+--------+--------+-----+--------+
         Total |   3652 |   3614 |     38 |    123 |   3084 |   4 |  913.0 |
       Dungeon |   3652 |   3614 |     38 |    123 |   3084 |   4 |  913.0 |
               +--------+--------+--------+--------+--------+-----+--------+

Top non-repeatable levels by time:
     D:1: 1379 daAuts
     D:2: 915 daAuts
     D:3: 846 daAuts
     D:4: 511 daAuts
